MID
KANE COUNTY COUGARS @ GREAT LAKES LOONS
05/16/2067
 
TOP OF THE 1ST
Cedar Rapids Kernels batting - Pitching for Wisconsin Timber Rattlers : RHP Monte Jackson
Pitching: RHP Monte Jackson
Batting: RHB Tony Hernández 0-0: Swinging Strike
0-1: Called Strike
0-2: Ball
1-2: Fly out, F9 (Flyball, 9LS)
Batting: RHB Bob Thompson 0-0: Ball
1-0: Called Strike
1-1: Ball
2-1: Ground out 5-3 (Groundball, 56S)
Batting: RHB Patrick Roberson 0-0: Ball
1-0: Foul Ball, location: 2F
1-1: Called Strike
1-2: Ball
2-2: Strikes out swinging
Top of the 1st over - 0 runs, 0 hits, 0 errors, 0 left on base; Cedar Rapids 0 - Wisconsin 0
BOTTOM OF THE 1ST
Wisconsin Timber Rattlers batting - Pitching for Cedar Rapids Kernels : RHP Kevin Lovegrove
Pitching: RHP Kevin Lovegrove
Batting: RHB Manny Vélez 0-0: Ground out U3 (Groundball, 3)
Batting: RHB Jorge Mendoza 0-0: Called Strike
0-1: Ground out 6-3 (Groundball, 6M)
Batting: RHB Christian Costello 0-0: Called Strike
0-1: Fly out, F8 (Flyball, 78M)
Bottom of the 1st over - 0 runs, 0 hits, 0 errors, 0 left on base; Cedar Rapids 0 - Wisconsin 0
TOP OF THE 2ND
Cedar Rapids Kernels batting - Pitching for Wisconsin Timber Rattlers : RHP Monte Jackson
Batting: LHB Lian-wei Xú 0-0: Fly out, F8 (Flyball, 8RXD)
Batting: RHB Clint Plummer 0-0: Ball
1-0: Ground out 5-3 (Groundball, 56)
Batting: SHB Benjamin Felbiger 0-0: Swinging Strike
0-1: Ball
1-1: Ball
2-1: SOLO HOME RUN (Flyball, 7D), Distance : 366 ft
Batting: RHB Scott Cawthon 0-0: Foul Ball, location: 2F
0-1: Ball
1-1: Swinging Strike
1-2: Ball
2-2: Foul Ball, location: 2F
2-2: Strikes out swinging
Top of the 2nd over - 1 run, 1 hit, 0 errors, 0 left on base; Cedar Rapids 1 - Wisconsin 0
BOTTOM OF THE 2ND
Wisconsin Timber Rattlers batting - Pitching for Cedar Rapids Kernels : RHP Kevin Lovegrove
Batting: RHB Adrian Thornton 0-0: Foul Ball, location: 2F
0-1: Ball
1-1: Ground out 5-3 (Groundball, 56)
Batting: LHB Juan Juárez 0-0: Foul Ball, location: 2F
0-1: Ball
1-1: Swinging Strike
1-2: Fly out, F8 (Flyball, 8LM)
Batting: RHB Matt Ward 0-0: SINGLE (Flyball, 9LS)
Batting: RHB Emílio Rodríguez 0-0: Foul Ball, location: 2F
0-1: Ground out 2-3 (Groundball, 15S)
Bottom of the 2nd over - 0 runs, 1 hit, 0 errors, 1 left on base; Cedar Rapids 1 - Wisconsin 0
TOP OF THE 3RD
Cedar Rapids Kernels batting - Pitching for Wisconsin Timber Rattlers : RHP Monte Jackson
Batting: RHB Ramiro Moreno 0-0: Ball
1-0: Swinging Strike
1-1: Ball
2-1: Ball
3-1: Base on Balls
Batting: RHB Ji-haeng Yi 0-0: Ball
1-0: Ball
2-0: Foul Ball, location: 2F
2-1: Foul Ball, location: 2F
2-2: Strikes out looking
Batting: RHB Tony Hernández 0-0: Swinging Strike
0-1: Ball
1-1: Foul Ball, location: 2F
1-2: Ball
2-2: Ball
3-2: 2-RUN HOME RUN (Line Drive, 9D), Distance : 362 ft
Batting: RHB Bob Thompson 0-0: Called Strike
0-1: Ball
1-1: Ground out 6-3 (Groundball, 6)
Batting: RHB Patrick Roberson 0-0: Ball
1-0: Called Strike
1-1: SINGLE (Groundball, 6MD)
Batting: LHB Lian-wei Xú 0-0: Called Strike
0-1: Ball
1-1: Fly out, F7 (Flyball, 78M)
Top of the 3rd over - 2 runs, 2 hits, 0 errors, 1 left on base; Cedar Rapids 3 - Wisconsin 0
BOTTOM OF THE 3RD
Wisconsin Timber Rattlers batting - Pitching for Cedar Rapids Kernels : RHP Kevin Lovegrove
Batting: LHB Luis Olivo 0-0: Called Strike
0-1: Ball
1-1: SINGLE (Groundball, 4MD)
Batting: RHB Andrew Forrest 0-0: Ball
1-0: Grounds into double play, 5-4-3 (Groundball, 5)
Batting: RHB Manny Vélez 0-0: Called Strike
0-1: Ball
1-1: Foul Ball, location: 2F
1-2: Hit by Pitch
Batting: RHB Jorge Mendoza 0-0: Called Strike
0-1: Ball
1-1: Ball
2-1: Foul Ball, location: 2F
2-2: Ball
3-2: Base on Balls
Manny Vélez to second
Batting: RHB Christian Costello 0-0: Called Strike
0-1: Ball
1-1: Swinging Strike
1-2: Ball
2-2: Ball
3-2: Fly out, F7 (Line Drive, 7)
Bottom of the 3rd over - 0 runs, 1 hit, 0 errors, 2 left on base; Cedar Rapids 3 - Wisconsin 0
TOP OF THE 4TH
Cedar Rapids Kernels batting - Pitching for Wisconsin Timber Rattlers : RHP Monte Jackson
Batting: RHB Clint Plummer 0-0: Ball
1-0: Called Strike
1-1: Foul Ball, location: 2F
1-2: Fly out, F7 (Line Drive, 7)
Batting: SHB Benjamin Felbiger 0-0: Called Strike
0-1: Ball
1-1: Foul Ball, location: 2F
1-2: Foul Ball, location: 2F
1-2: Foul Ball, location: 2F
1-2: Fly out, F9 (Flyball, 9)
Batting: RHB Scott Cawthon 0-0: Ball
1-0: Called Strike
1-1: Foul Ball, location: 2F
1-2: Ball
2-2: Ball
3-2: Strikes out looking
Top of the 4th over - 0 runs, 0 hits, 0 errors, 0 left on base; Cedar Rapids 3 - Wisconsin 0
BOTTOM OF THE 4TH
Wisconsin Timber Rattlers batting - Pitching for Cedar Rapids Kernels : RHP Kevin Lovegrove
Batting: RHB Adrian Thornton 0-0: Swinging Strike
0-1: Called Strike
0-2: Fly out, F6 (Popup, 6M)
Batting: LHB Juan Juárez 0-0: Called Strike
0-1: Ground out 4-3 (Groundball, 4)
Batting: RHB Matt Ward 0-0: Ball
1-0: Foul Ball, location: 2F
1-1: Fly out, F8 (Flyball, 8LM)
Bottom of the 4th over - 0 runs, 0 hits, 0 errors, 0 left on base; Cedar Rapids 3 - Wisconsin 0
TOP OF THE 5TH
Cedar Rapids Kernels batting - Pitching for Wisconsin Timber Rattlers : RHP Monte Jackson
Batting: RHB Ramiro Moreno 0-0: Called Strike
0-1: Swinging Strike
0-2: Ball
1-2: Strikes out looking
Batting: RHB Ji-haeng Yi 0-0: Ball
1-0: Called Strike
1-1: Swinging Strike
1-2: Ball
2-2: Strikes out swinging
Batting: RHB Tony Hernández 0-0: Ball
1-0: Fly out, F8 (Line Drive, 8LM)
Top of the 5th over - 0 runs, 0 hits, 0 errors, 0 left on base; Cedar Rapids 3 - Wisconsin 0
BOTTOM OF THE 5TH
Wisconsin Timber Rattlers batting - Pitching for Cedar Rapids Kernels : RHP Kevin Lovegrove
Batting: RHB Emílio Rodríguez 0-0: Ball
1-0: Ball
2-0: Ball
3-0: Called Strike
3-1: Foul Ball, location: 2F
3-2: Fly out, F7 (Flyball, 7LS)
Batting: LHB Luis Olivo 0-0: Ball
1-0: Ball
2-0: Called Strike
2-1: Ball
3-1: Base on Balls
Batting: RHB Andrew Forrest 0-0: SINGLE (Groundball, 4MD)
Luis Olivo to second
Runner from 2nd tries for 3rd, OUT! 8-5
Batting: RHB Manny Vélez 0-0: Foul Ball, location: 2F
0-1: Ball
1-1: Ball
2-1: Foul Ball, location: 2F
2-2: Foul Ball, location: 2F
2-2: SINGLE (Line Drive, 6MD)
Andrew Forrest to second
Batting: RHB Jorge Mendoza 0-0: Ball
1-0: DOUBLE (Line Drive, 89XD)
Andrew Forrest scores
Manny Vélez to third
Runner from 3rd tries for Home, SAFE, throw by RF to home
Batting: RHB Christian Costello 0-0: Ball
Wild Pitch!
Jorge Mendoza to third
1-0: Ball
2-0: Called Strike
2-1: Called Strike
2-2: Foul Ball, location: 2F
2-2: Ball
3-2: Strikes out swinging
Bottom of the 5th over - 2 runs, 3 hits, 0 errors, 1 left on base; Cedar Rapids 3 - Wisconsin 2
TOP OF THE 6TH
Cedar Rapids Kernels batting - Pitching for Wisconsin Timber Rattlers : RHP Monte Jackson
Batting: RHB Bob Thompson 0-0: Swinging Strike
0-1: Called Strike
0-2: Ball
1-2: Foul Ball, location: 2F
1-2: Strikes out swinging
Batting: RHB Patrick Roberson 0-0: Ball
1-0: Ball
2-0: Swinging Strike
2-1: Ball
3-1: Base on Balls
Batting: LHB Lian-wei Xú 0-0: Ball
1-0: DOUBLE (Flyball, 8RXD)
Patrick Roberson to third
Batting: RHB Clint Plummer 0-0: Ball
1-0: Ball
2-0: Swinging Strike
2-1: Called Strike
2-2: Ball
3-2: Fly out, F6 (Popup, 15)
Batting: SHB Benjamin Felbiger 0-0: Ball
1-0: Ball
2-0: Called Strike
2-1: Foul Ball, location: 2F
2-2: Ground out 5-3 (Groundball, 56)
Top of the 6th over - 0 runs, 1 hit, 0 errors, 2 left on base; Cedar Rapids 3 - Wisconsin 2
BOTTOM OF THE 6TH
Wisconsin Timber Rattlers batting - Pitching for Cedar Rapids Kernels : RHP Kevin Lovegrove
Batting: RHB Adrian Thornton 0-0: Called Strike
0-1: Ball
1-1: Foul Ball, location: 2F
1-2: Foul Ball, location: 2F
1-2: SINGLE (Groundball, 34D)
Batting: LHB Juan Juárez 0-0: Foul Ball, location: 2F
0-1: Ball
1-1: Ball
2-1: Fielders Choice at 2nd, 4-6 (Groundball, 34D)
Batting: RHB Matt Ward 0-0: Called Strike
Juan Juárez is caught stealing 2nd base 2-4
0-1: Ball
1-1: SINGLE (Groundball, 6MD)
Batting: RHB Emílio Rodríguez 0-0: Ball
1-0: Swinging Strike
1-1: Ground out 2-3 (Groundball, 15S)
Bottom of the 6th over - 0 runs, 2 hits, 0 errors, 1 left on base; Cedar Rapids 3 - Wisconsin 2
TOP OF THE 7TH
Cedar Rapids Kernels batting - Pitching for Wisconsin Timber Rattlers : RHP Monte Jackson
Pitching: RHP Carlos Martínez
Batting: RHB Scott Cawthon 0-0: Foul Ball, location: 2F
0-1: Foul Ball, location: 2F
0-2: Ball
1-2: Ground out 6-3 (Groundball, 6)
Batting: RHB Ramiro Moreno 0-0: SINGLE (Groundball, 34D)
Batting: RHB Ji-haeng Yi 0-0: Ball
1-0: Ball
2-0: Ball
3-0: Base on Balls
Ramiro Moreno to second
Batting: RHB Tony Hernández 0-0: Foul Ball, location: 2F
0-1: Ball
1-1: Grounds into double play, 6-4-3 (Groundball, 6)
Top of the 7th over - 0 runs, 1 hit, 0 errors, 1 left on base; Cedar Rapids 3 - Wisconsin 2
BOTTOM OF THE 7TH
Wisconsin Timber Rattlers batting - Pitching for Cedar Rapids Kernels : RHP Kevin Lovegrove
Pitching: RHP José González
Batting: LHB Luis Olivo 0-0: Ball
1-0: Called Strike
1-1: Called Strike
1-2: Ball
2-2: Foul Ball, location: 2F
2-2: SINGLE (Line Drive, 89S)
Batting: RHB Andrew Forrest 0-0: Ball
1-0: Swinging Strike
1-1: SINGLE (Flyball, 9LS)
Luis Olivo to second
Runner from 2nd tries for 3rd, SAFE, no throw by RF
Batting: RHB Manny Vélez 0-0: Ball
1-0: Ball
2-0: Ball
3-0: Called Strike
3-1: SINGLE (Groundball, 6D)
Luis Olivo scores
Andrew Forrest to second
Batting: RHB Jorge Mendoza 0-0: Bunt missed!
0-1: Ball
1-1: Bunt - Flyout to 25! F5
Batting: RHB Christian Costello 0-0: Called Strike
0-1: Called Strike
0-2: Foul Ball, location: 2F
0-2: Foul Ball, location: 2F
0-2: Strikes out looking
Batting: RHB Adrian Thornton 0-0: Ball
1-0: Called Strike
1-1: Ground out 1-3 (Groundball, 15S)
Bottom of the 7th over - 1 run, 3 hits, 0 errors, 2 left on base; Cedar Rapids 3 - Wisconsin 3
TOP OF THE 8TH
Cedar Rapids Kernels batting - Pitching for Wisconsin Timber Rattlers : RHP Carlos Martínez
Batting: RHB Bob Thompson 0-0: Swinging Strike
0-1: Ball
1-1: Foul Ball, location: 2F
1-2: Strikes out swinging
Batting: RHB Patrick Roberson 0-0: Ball
1-0: Ball
2-0: Swinging Strike
2-1: Called Strike
2-2: Strikes out swinging
Batting: LHB Lian-wei Xú 0-0: Called Strike
0-1: Foul Ball, location: 2F
0-2: Foul Ball, location: 2F
0-2: Strikes out swinging
Top of the 8th over - 0 runs, 0 hits, 0 errors, 0 left on base; Cedar Rapids 3 - Wisconsin 3
BOTTOM OF THE 8TH
Wisconsin Timber Rattlers batting - Pitching for Cedar Rapids Kernels : RHP José González
Batting: LHB Juan Juárez 0-0: Ball
1-0: Ball
2-0: Ball
3-0: Called Strike
3-1: Foul Ball, location: 2F
3-2: Base on Balls
Batting: RHB Matt Ward 0-0: Bunt missed!
0-1: Bunt missed!
0-2: Fly out, F3 (Popup, 4S)
Batting: RHB Emílio Rodríguez 0-0: Ball
1-0: Swinging Strike
1-1: Ball
2-1: Foul Ball, location: 2F
2-2: Foul Ball, location: 2F
2-2: Ball
Balk!
Juan Juárez to second
3-2: SINGLE (Groundball, 56D)
Juan Juárez to third
Runner from 3rd tries for Home, SAFE, no throw by LF
Pitching: LHP Ben González
Batting: LHB Luis Olivo 0-0: Called Strike
0-1: Ball
1-1: Ball
2-1: Foul Ball, location: 2F
2-2: SINGLE (Groundball, 34D)
Emílio Rodríguez to second
Runner from 2nd tries for 3rd, SAFE, no throw by RF
Batting: RHB Andrew Forrest 0-0: DOUBLE (Line Drive, 9LM)
Emílio Rodríguez scores
Luis Olivo to third
Batting: RHB Manny Vélez 0-0: Ball
1-0: Foul Ball, location: 2F
1-1: Ground out 5-3 (Groundball, 5)
Batting: RHB Jorge Mendoza 0-0: Called Strike
0-1: Ball
1-1: Ball
2-1: Ball
3-1: Base on Balls
Batting: RHB Christian Costello 0-0: Called Strike
0-1: Called Strike
0-2: Strikes out swinging
Bottom of the 8th over - 2 runs, 3 hits, 0 errors, 3 left on base; Cedar Rapids 3 - Wisconsin 5
TOP OF THE 9TH
Cedar Rapids Kernels batting - Pitching for Wisconsin Timber Rattlers : RHP Carlos Martínez
Pitching: RHP Leon Maffei
Now at 2B: Zhong Zhui
Batting: RHB Clint Plummer 0-0: Called Strike
0-1: Ball
1-1: SINGLE (Groundball, 56S) (infield hit)
Batting: SHB Benjamin Felbiger 0-0: Ball
1-0: Ball
2-0: Called Strike
2-1: Reached on error, E5 (Groundball, 6)
Clint Plummer to second
Batting: RHB Scott Cawthon 0-0: Ball
1-0: Swinging Strike
1-1: Ball
2-1: Ball
3-1: Base on Balls
Clint Plummer to third
Benjamin Felbiger to second
Batting: RHB Ramiro Moreno 0-0: Fly out, F9 (Flyball, 9S)
Batting: RHB Ji-haeng Yi 0-0: Ball
1-0: Ball
2-0: Called Strike
2-1: SINGLE (Line Drive, 7S)
Clint Plummer scores
Benjamin Felbiger to third
Scott Cawthon to second
Batting: RHB Tony Hernández 0-0: Called Strike
0-1: Ball
1-1: Swinging Strike
1-2: Strikes out swinging
Batting: RHB Bob Thompson 0-0: Called Strike
0-1: Ball
1-1: Called Strike
1-2: Foul Ball, location: 2F
1-2: Strikes out looking
Top of the 9th over - 1 run, 2 hits, 1 error, 3 left on base; Cedar Rapids 4 - Wisconsin 5
Thursday, April 13th , 2023 - OOTP Baseball 23.10 Build 103